 Dungeon Crawl Stone Soup version 0.29.0-11-gd7f09526c8 (webtiles) character file.

Game seed: 1751281840870727910

44 night the Insei (level 3, -10/28 HPs)
             Began as a Gnoll Transmuter on Sept 5, 2022.
             Was a Follower of Ru.
             Mangled by a gnoll
             ... wielding a +0 flail
              (14 damage)
             ... on level 2 of the Dungeon.
             The game lasted 00:03:38 (1792 turns).

night the Insei (Gnoll Transmuter)                  Turns: 1792, Time: 00:03:39

Health: -10/28     AC:  2    Str:  9    XL:     3   Next: 62%
Magic:  8/9        EV: 13    Int: 14    God:    Ru [*.....]
Gold:   85         SH:  0    Dex: 12    Spells: 11/12 levels left

rFire   . . .      SeeInvis .     - Unarmed
rCold   . . .      Faith    .   (no shield)
rNeg    . . .      Spirit   .   a - +0 robe
rPois   .          Reflect  .   (helmet currently unavailable)
rElec   .          Harm     .   (no cloak)
rCorr   .          Rampage  .   (no gloves)
Will    .....                   (boots currently unavailable)
Stlth   +.........              (no amulet)
HPRegen 0.09/turn               (no ring)
MPRegen 0.11/turn               (no ring)

@: appendages
A: horns 2, talons 2, fangs 1, inability to train armour, strong nose,
distributed training
a: End Transformation, Renounce Religion


You were on level 2 of the Dungeon.
You worshipped Ru.
Ru was aware of your devotion.
You had temporarily grown beastly horns and talons.
You visited 1 branch of the dungeon, and saw 2 of its levels.

You collected 85 gold pieces.

Inventory:

Missiles
 c - 39 stones
 h - 5 poisoned darts
Armour
 a - a +0 robe (worn)
 i - a +0 pair of boots (melded)
Scrolls
 d - 4 scrolls of butterflies {unknown}
 e - 2 scrolls of identify {unknown}
Potions
 b - a potion of lignification
 f - a potion of berserk rage {unknown}
 g - a potion of haste {unknown}


   Skills:
 + Level 2.6 Fighting
 + Level 0.9 Short Blades
 + Level 0.9 Long Blades
 + Level 0.9 Axes
 + Level 0.9 Maces & Flails
 + Level 0.9 Polearms
 + Level 0.9 Staves
 + Level 0.9 Ranged Weapons
 + Level 0.9 Throwing
   Level 0.0 Armour
 + Level 4.5 Dodging
 + Level 0.9 Stealth
 + Level 0.9 Shields
 + Level 6.5 Unarmed Combat
 + Level 5.0 Spellcasting
 + Level 0.6 Conjurations
 + Level 0.6 Hexes
 + Level 0.6 Summonings
 + Level 0.6 Necromancy
 + Level 0.6 Translocations
 + Level 3.8 Transmutations
 + Level 0.6 Fire Magic
 + Level 0.6 Ice Magic
 + Level 0.6 Air Magic
 + Level 0.6 Earth Magic
 + Level 0.6 Poison Magic
 + Level 1.0 Invocations
 + Level 0.9 Evocations


You had 11 spell levels left.
You knew the following spells:

 Your Spells              Type           Power      Damage    Failure   Level
a - Beastly Appendage     Tmut           28%        N/A       3%          1

Your spell library contained the following spells:

 Spells                   Type           Power      Damage    Failure   Level
 Wereblood                Tmut           14%        N/A       5%          2
 Magic Dart               Conj           20%        1d4       14%         1
 Slow                     Hex            20%        N/A       14%         1
 Searing Ray              Conj           10%        2d4       21%         2
 Spider Form              Tmut/Pois      9%         N/A       22%         3
 Confusing Touch          Hex            5%         N/A       38%         3
 Vampiric Draining        Necr           5%         2d6       38%         3
 Ice Form                 Ice/Tmut       9%         N/A       56%         4
 Fulminant Prism          Conj/Hex       2%         3d6       80%         4


Dungeon Overview and Level Annotations

Branches:
Dungeon (2/15)

Altars:
Ru

Shops:
D:1 =


Innate Abilities, Weirdness & Mutations

You have temporarily grown beastly horns and talons.
You have very sharp teeth.
You cannot train Armour skill.
Your uncanny sense of smell can sniff out nearby items.
Your experience applies equally to all skills.


Message History

No target in view!
No target in view!
Your transformation is almost over.
You open the door.
A rat comes into view.
You hit the rat. Your kick misses the rat.
The rat is moderately wounded.
The rat closely misses you.
You barely miss the rat. You claw the rat.
You kill the rat!
No target in view!
Your horns disappear.
Your talons disappear.
Your +0 pair of boots unmelds from your body. 2 gnolls come into view.
The gnoll shouts! x2
A quokka comes into view.
A gnoll comes into view. It is wielding a +0 halberd.
There is an open door here.
You see here a rat corpse.
As you close the door, pushing everything out of the way, it creaks loudly!
Casting: Beastly Appendage (safe; 3% risk of failure)
Confirm with . or Enter, or press ? or * to list all spells.
You grow a pair of large bovine horns.
Your feet morph into talons.
Your +0 pair of boots melds into your body.
Unknown command.
Okay, then.
A gnoll breaks down the door.
The gnoll misses you.
The gnoll hits you from afar with a +0 halberd.
There is a broken door here.
The gnoll hits you with a +0 flail. The gnoll barely misses you.
You see here a rat corpse.
The gnoll hits you from afar with a +0 halberd!
* * * LOW HITPOINT WARNING * * *
The gnoll attacks as you move away! The gnoll hits you with a +0 flail.
* * * LOW HITPOINT WARNING * * *
A gnoll breaks down the door.
The gnoll attacks as you move away! The gnoll hits you with a +0 flail!
Ouch! That really hurt!
You die...

#.g #.# ######.#
#####...##.#######
..................
#####...##.#######
##########...##.##
#.......#....##..###
#......)....rg.g@..#
#......#+#†#'#'#+#.#
#......# #.#.# .#
#......# ##### #
#......# ∆
#......#+#+#+# ..#
#............. ..#
#..........### #.#
#####†##...# ##.#


You could see 2 gnolls and a quokka.

Vanquished Creatures
  An adder (D:2)
  A dart slug (D:1)
  3 bats (D:1)
  3 endoplasms
  A giant cockroach (D:2)
  4 goblins
  5 hobgoblins
  2 quokkas (D:1)
  2 ball pythons (D:1)
  2 frilled lizards
  2 kobolds
  5 rats
31 creatures vanquished.

Notes
Turn   | Place    | Note
-------+----------+-------------------------------------------
     0 | D:1      | night the Gnoll Transmuter began the quest for the Orb.
     0 | D:1      | Reached XP level 1. HP: 17/17 MP: 6/6
   341 | D:1      | Reached XP level 2. HP: 21/23 MP: 5/7
   392 | D:1      | Found Faomura's Jewellery Boutique.
  1199 | D:2      | Reached skill level 5 in Spellcasting
  1199 | D:2      | Reached XP level 3. HP: 28/28 MP: 6/9
  1415 | D:2      | Found a faded altar of an unknown god.
  1441 | D:2      | Prayed at the altar of an unknown god.
  1441 | D:2      | Became a worshipper of Ru the Awakened
  1458 | D:2      | Gained mutation: You cannot train Armour skill. [Ru
                  | sacrifice]
  1458 | D:2      | Reached * piety under Ru
  1603 | D:2      | Reached skill level 1 in Invocations
  1726 | D:2      | Identified the +6 flail of Lusocom {vorpal, Dex+2}
  1790 | D:2      | HP: 4/28 [gnoll/+0 flail (4)]
  1792 | D:2      | Mangled by a gnoll

Illustrated notes

Levels and vault maps discovered:
D:1:      nagdon_arrival_zigzag_paths, layout_loops_ring, serial_shops,
          shop_statue
D:2:      layout_basic, ebering_ecumenical_altar_box, minmay_rat_gold_closets

Skill      XL: |  1  2  3 |
---------------+----------+-----
Spellcasting   | 5 |  5.0
Invocations    | 1 |  1.0
Fighting       | |  2.6
Short Blades   | |  0.9
Long Blades    | |  0.9
Axes           | |  0.9
Maces & Flails | |  0.9
Polearms       | |  0.9
Staves         | |  0.9
Ranged Weapons | |  0.9
Throwing       | |  0.9
Dodging        | |  4.5
Stealth        | |  0.9
Shields        | |  0.9
Unarmed Combat | |  6.5
Conjurations   | |  0.6
Hexes          | |  0.6
Summonings     | |  0.6
Necromancy     | |  0.6
Translocations | |  0.6
Transmutations | |  3.8
Fire Magic     | |  0.6
Ice Magic      | |  0.6
Air Magic      | |  0.6
Earth Magic    | |  0.6
Poison Magic   | |  0.6
Evocations     | |  0.9

Action                   || total
-------------------------++-------
Melee: Unarmed           ||    56
       Kick              ||    14
       Punch             ||     2
       Headbutt          ||     5
       Bite              ||     2
 Cast: Beastly Appendage ||    21
Invok: Sacrifice Durabil ||     1
 Stab: Sleeping          ||     1
Armor: Robe              ||     3
Dodge: Dodged            ||    31
